 Dungeon Crawl Stone Soup version 0.21.1-1-g345015f (webtiles) character file.

17 letownia2 the Magician (level 2, -4/19 HPs)
             Began as a Merfolk Wizard on Mar 10, 2018.
             Killed by divine providence
             ... invoked by an orc priest
              (14 damage)
             ... on level 3 of the Dungeon.
             The game lasted 00:03:05 (553 turns).

letownia2 the Magician (Merfolk Wizard)              Turns: 553, Time: 00:03:06

Health: -4/19      AC:  4    Str:  7    XL:     2   Next: 62%
Magic:  2/6        EV: 13    Int: 17    God:
Gold:   43         SH:  0    Dex: 12    Spells: 4/7 levels left

rFire    . . .     SeeInvis .   g - +0 dagger (curse)
rCold    . . .     Gourm    .   (no shield)
rNeg     . . .     Faith    .   a - +0 robe
rPois    .         Spirit   .   b - +0 hat
rElec    .         Reflect  .   (no cloak)
rCorr    .         Harm     .   (no gloves)
MR       .....                  l - +1 pair of boots
Stlth    ++........             (no amulet)
HPRegen  0.06/turn              (no ring)
MPRegen  0.10/turn              (no ring)

@: no status effects
A: change form in water, swift swim, stealthy swim
a: no special abilities


You were on level 3 of the Dungeon.
You were not hungry.

You visited 1 branch of the dungeon, and saw 3 of its levels.

You collected 43 gold pieces.

Inventory:

Hand Weapons
 f - a +0 short sword
 g - a cursed +0 dagger (weapon)
 i - a +0 spear
 p - a +3 hunting sling of freezing
Missiles
 q - 16 stones (quivered)
Armour
 a - a +0 robe (worn)
 b - a +0 hat (worn)
 l - a +1 pair of boots (worn)
Jewellery
 m - an uncursed amulet of guardian spirit
Scrolls
 h - a scroll of enchant armour
 j - 2 scrolls of identify
 k - a scroll of remove curse {unknown}
 n - a scroll of magic mapping {unknown}
Potions
 o - a potion of ambrosia
Books
 c - a book of Minor Magic

   Spells                             Type                      Level
   a - Magic Dart                     Conjuration                  1
   b - Blink                          Translocation                2
   c - Call Imp                       Summoning                    2
   d - Slow                           Hexes                        2
   e - Conjure Flame                  Conjuration/Fire             3
   f - Mephitic Cloud                 Conjuration/Poison/Air       3
Comestibles
 d - 3 rations


   Skills:
 - Level 2.6 Dodging
 - Level 2.1 Stealth
 - Level 3.0 Spellcasting
 - Level 1.6 Conjurations
 + Level 1.7 Summonings
   Level 0.7 Translocations


You had 4 spell levels left.
You knew the following spells:

 Your Spells              Type           Power        Failure   Level  Hunger
a - Magic Dart            Conj           #...         9%          1    None
i - Call Imp              Summ           #.......     13%         2    ##.....


Dungeon Overview and Level Annotations

Branches:
Dungeon (3/15)

Altars:


Message History

Your crimson imp hits the orc wizard but does no damage.
The bat closely misses you.
Unknown command.
You closely miss the orc wizard.
The orc wizard is moderately wounded.
The bat closely misses you. The orc wizard barely misses you.
Unknown command.
You barely miss the orc wizard.
The orc wizard is moderately wounded.
The orc priest calls upon Beogh to heal the orc wizard.
The orc wizard's wounds heal themselves!
Your crimson imp blinks!
The bat closely misses you.
Unknown command.
You hit the orc but do no damage. The bat misses you.
The orc wizard barely misses you.
The orc priest mumbles some strange prayers to Beogh against you.
Beogh smites you!
Ouch! That really hurt!
You die...

.....o<..... #..........
#.......... #....###########
#....#.....).... #....#..........
.# #####o...#...##'#### .#
#..oo....+...#...... .#
#..@o....#...#...... ##.#
#........#...#...... ...#
#...b....#...#...... ...#
###†#....#...'...... ...#
#.#....#...#......
.†##############.#....#...#......
#.............##.#....#...#######
###.##...........#<...#..........
#.###.......####....+..........


You could see an orc priest, 2 orc wizards, an orc and a bat.

Vanquished Creatures
  A dart slug (D:2)
  2 bats (D:3)
  4 goblins
  A hobgoblin (D:1)
  A frilled lizard (D:1)
  2 kobolds
  4 rats
15 creatures vanquished.

Notes
Turn   | Place    | Note
-------+----------+-------------------------------------------
     0 | D:1      | letownia2 the Merfolk Wizard began the quest for the Orb.
     0 | D:1      | Reached XP level 1. HP: 13/13 MP: 4/4
    42 | D:1      | Reached skill level 1 in Conjurations
   146 | D:1      | Reached XP level 2. HP: 7/19 MP: 0/6
   202 | D:1      | Learned a level 2 spell: Call Imp
   553 | D:3      | Killed from afar by an orc priest

Skill      XL: |  1 |
---------------+----+-----
Conjurations   | 1 |  1.6
Dodging        | |  2.6
Stealth        | |  2.1
Spellcasting   | |  3.0
Summonings     | |  1.7
Translocations | |  0.7

Action                   || total
-------------------------++-------
Melee: Short sword       ||    16
       Dagger            ||    19
 Cast: Magic Dart        ||    32
       Call Imp          ||     2
  Use: Scroll            ||     3
 Stab: Sleeping          ||     1
Armor: Robe              ||     9
Dodge: Dodged            ||    32
